 Dungeon Crawl Stone Soup version 0.29.1-13-g9f3cf754e1 (webtiles) character file.

Game seed: 10365550147576986289

44 cordialsnail the Chiller (level 3, -1/24 HPs)
             Began as a Human Ice Elementalist on Jan 31, 2023.
             Constricted to death by Terence (2 damage)
             ... on level 2 of the Dungeon.
             The game lasted 00:12:53 (1391 turns).

cordialsnail the Chiller (Human Ice Elementalist)   Turns: 1391, Time: 00:12:54

Health: -1/24      AC:  2    Str:  8    XL:     3   Next: 85%
Magic:  4/6        EV:  9    Int: 17    God:
Gold:   30         SH:  0    Dex: 13    Spells: 5/7 levels left

rFire   . . .      SeeInvis .   h - +1 dagger (venom)
rCold   . . .      Faith    .   (no shield)
rNeg    . . .      Spirit   .   a - +0 robe
rPois   .          Reflect  .   (no helmet)
rElec   .          Harm     .   (no cloak)
rCorr   .          Rampage  .   (no gloves)
Will    .....                   (no boots)
Stlth   ++........              (no amulet)
HPRegen 0.08/turn               (no ring)
MPRegen 0.10/turn               (no ring)

@: grasped by roots, constricted
A: no striking features
a: no special abilities


You were on level 2 of the Dungeon.
You visited 1 branch of the dungeon, and saw 2 of its levels.

You collected 30 gold pieces.

Inventory:

Hand Weapons
 h - a +1 dagger of venom (weapon)
Armour
 a - a +0 robe (worn)
Scrolls
 e - a scroll of poison {unknown}
 f - a scroll of acquirement {unknown}
 g - 3 scrolls of fear {unknown}
 j - 2 scrolls of identify {unknown}
 k - a scroll of immolation
Potions
 b - a potion of magic
 c - a potion of cancellation {unknown}
 d - 2 potions of heal wounds {unknown}
 i - 2 potions of curing {unknown}


   Skills:
 - Level 0.1 Fighting
 + Level 0.3 Short Blades
 + Level 2.0 Dodging
 + Level 2.0 Stealth
 * Level 2.6 Spellcasting
 + Level 4.7 Ice Magic


You had 5 spell levels left.
You knew the following spells:

 Your Spells              Type           Power      Damage    Failure   Level
a - Freeze                Ice            72%        1d9       2%          1
b - Summon Small Mammal   Summ           8%         N/A       19%         1

Your spell library contained the following spells:

 Spells                   Type           Power      Damage    Failure   Level
 Frozen Ramparts          Ice            36%        1d6       8%          3
 Ozocubu's Armour         Ice            18%        N/A       8%          3
 Apportation              Tloc           4%         N/A       19%         1
 Necrotise                Necr           8%         1d4       19%         1
 Hailstorm                Conj/Ice       10%        3d5       56%         4


Dungeon Overview and Level Annotations

Branches:
Dungeon (2/15)

Altars:

Annotations:
D:2 Terence


Message History

Casting: Summon Small Mammal (safe; 19% risk of failure)
Press: ? - help, Q - select action, (/) - cycle Dir - look around, f - activate Terence zaps a wand.
The roots erupt in riotous growth!
Roots grab your rat.
Terence is unaffected.
The grasping roots constrict your rat.
Your rat dies!
Your rat's corpse disappears in a puff of smoke!
You hear an angry hiss.
You hear a shout!
A ball python comes into view.
Terence zaps a wand.
The roots erupt in riotous growth!
The grasping roots grab you! The grasping roots constrict you.
You escape the roots grasp.
Terence zaps a wand.
The roots erupt in riotous growth!
The grasping roots grab you! The grasping roots constrict you.
You escape the roots grasp.
Terence zaps a wand.
The roots erupt in riotous growth!
The grasping roots grab you! The grasping roots constrict you.
You escape the roots grasp.
Terence zaps a wand.
The roots erupt in riotous growth!
The grasping roots grab you! The grasping roots constrict you.
* * * LOW HITPOINT WARNING * * *
The roots grasp on you weakens, but your attempt to escape fails.
The grasping roots constrict you.
* * * LOW HITPOINT WARNING * * *
The grasping roots release their grip on you.
The ball python attacks as you move away!
The ball python misses you. The ball python barely misses you.
Aiming: Freeze (safe; 2% risk of failure)
Press: ? - help, Q - select action, (/) - cycle Shift-Dir - straight line, f - ball python
Aim: a ball python You freeze the ball python.
You kill the ball python!
Terence zaps a wand.
The roots erupt in riotous growth!
The grasping roots grab you! The grasping roots constrict you.
You die...

###...#..+.##....#
....#.###....#...#
###...........##..#
..........##@#...# #
#..##..#..#.....#.# .....
#...#..._..†#.......
...##.#...#.)...#....##.#.#
....#.#.....#...#.#...#.#
................@........
.#..#.#..#.##.#.#.##..#.#.
......#....##...#.#...#.#.#
.#..###............ ....#
..<..)..####........ .#..
.#.#.#### #####..... #
.#.....# ###....
###.########### .....
......).......#


You could see Terence.

Vanquished Creatures
  3 endoplasms
  7 giant cockroaches (D:1)
  5 goblins
  4 hobgoblins
  7 kobolds
  3 ball pythons
  4 bats
  5 frilled lizards
  3 rats (D:1)
41 creatures vanquished.

Notes
Turn   | Place    | Note
-------+----------+-------------------------------------------
     0 | D:1      | cordialsnail the Human Ice Elementalist began the quest for
                  | the Orb.
     0 | D:1      | Reached XP level 1. HP: 13/13 MP: 3/3
   212 | D:1      | Reached XP level 2. HP: 19/19 MP: 0/5
   632 | D:1      | Reached XP level 3. HP: 24/24 MP: 4/6
  1170 | D:2      | Learned a level 1 spell: Summon Small Mammal
  1324 | D:2      | Found a faded altar of an unknown god.
  1373 | D:2      | Noticed Terence
  1386 | D:2      | HP: 1/24 [constriction (4)]
  1391 | D:2      | Constricted to death by Terence

Illustrated notes

Levels and vault maps discovered:
D:1:      dpeg_arrival_pits, layout_loops_ring
D:2:      minmay_recursive_quarters, layout_basic,
          hellmonk_ecumenical_altar_blasted, uniq_sigmund, uniq_terence

Action                   || total
-------------------------++-------
Melee: Dagger            ||    20
       Short sword       ||     7
 Cast: Freeze            ||    42
       Summon Small Mamm ||     4
 Stab: Sleeping          ||     1
Armor: Robe              ||    14
Dodge: Dodged            ||    35
